 Dungeon Crawl Stone Soup version 0.31.0 (webtiles) character file.

Game seed: 16417716003800890116

186 qw the Shooter (level 5, -3/32 HPs)
             Began as a Gargoyle Hunter on Jan 19, 2024.
             Slain by Grinder (7 damage)
             ... on level 3 of the Dungeon.
             The game lasted 00:00:10 (2788 turns).

qw the Shooter (Gargoyle Hunter)                    Turns: 2788, Time: 00:00:11

Health: -3/32      AC:  9    Str: 15    XL:     5   Next: 66%
Magic:  5/5        EV: 11    Int:  9    God:
Gold:   52         SH:  0    Dex: 15    Spells: 4/4 levels left

rFire   . . .        a - +0 shortbow
rCold   . . .        (shield currently unavailable)
rNeg    + . .        c - +0 leather armour
rPois   inf          (no helmet)
rElec   +            (no cloak)
rCorr   .            (no gloves)
SInv    .            b - +1 pair of boots
Will    .....        (no amulet)
Stlth   ++           (no ring)
HPRegen 0.25/turn    (no ring)
MPRegen 0.09/turn

%: no passive effects
@: no status effects
A: sickness immunity, AC +4, negative energy resistance 1, electricity
resistance, torment resistance 1, petrification resistance
a: no special abilities


You were on level 3 of the Dungeon.
You visited 1 branch of the dungeon, and saw 3 of its levels.

You collected 148 gold pieces.
You spent 96 gold pieces at shops.


Innate Abilities, Weirdness & Mutations

You are immune to sickness and miasma.
Your stone body is resilient. (AC +4)
You are immune to poison.
You resist negative energy. (rN+)
You are resistant to electric shocks. (rElec)
You are resistant to unholy torment.
You are immune to petrification.


   Skills:
 + Level 3.1 Fighting
 - Level 6.1 Ranged Weapons
 - Level 1.5 Armour
 - Level 1.5 Dodging
 - Level 1.1 Stealth


You had 4 spell levels left.
You didn't know any spells.
Your spell library was empty.

Inventory:

Hand Weapons
 a - a +0 shortbow (weapon)
Armour
 b - a +1 pair of boots (worn)
 c - a +0 leather armour (worn)
Scrolls
 e - a scroll of blinking {unknown}
 g - a scroll of identify
 i - a scroll of vulnerability {unknown}
 k - a scroll of teleportation {unknown}
Potions
 d - a potion of curing
 h - a potion of lignification {unknown}
 j - a potion of cancellation

Dungeon Overview and Level Annotations

Branches:
Dungeon (3/15)

Altars:
Sif Muna

Shops:
D:2 ?

Annotations:
D:3 Grinder


Message History

You shoot an arrow. The arrow barely misses Grinder.
Grinder gestures at you.
You suddenly lose the ability to move!
Grinder hits you. Grinder gestures at you.
You shrug off the repeated paralysis!
Grinder gestures at you.
You shrug off the repeated paralysis!
You can move again.
You shoot an arrow. The arrow completely misses Grinder.
The arrow hits the rat but does no damage.
Grinder says, "Are you a fish?" Grinder gestures at you.
You shrug off the repeated paralysis!
You shoot an arrow. The arrow closely misses Grinder.
The arrow hits the rat but does no damage.
Grinder gestures at you.
You shrug off the repeated paralysis!
You shoot an arrow. The arrow barely misses Grinder.
The arrow barely misses the rat.
Grinder hits you but does no damage.
You shoot an arrow. The arrow barely misses Grinder.
The arrow hits the rat!
You kill the rat!
Grinder hits you but does no damage.
You shoot an arrow. The arrow hits Grinder!
Grinder is moderately wounded.
Grinder hits you but does no damage.
You shoot an arrow. The arrow barely misses Grinder.
Grinder gestures at you. Pain shoots through your body!
Grinder hits you but does no damage.
You shoot an arrow. The arrow hits Grinder.
Grinder is moderately wounded.
Grinder barely misses you.
You shoot an arrow. The arrow hits Grinder.
Grinder is heavily wounded.
Grinder hits you.
You writhe in agony.
You shoot an arrow. The arrow hits Grinder.
Grinder is heavily wounded.
Grinder hits you!
You die...
Grinder says, "Now the real fun starts!"

#^##..###.#.##..
#.#.###..##.#..... #.#.#
##.##.##.... .
#.#.####..#.##.#.. #.
#.#.....#......#..
#..#+##.#.....###...>#..
#............'.######..
#....#.....###### ###
#...%5@.....8.8.7.8
#.?..#)..#......... #...
#...##.8.8.8.7 #..
#...########## #. #...#
#. #+ # #...# #.#######.
#...# #......... #...#
#........ #...#
#........


You could see Grinder.

Vanquished Creatures
  An orc priest (D:3)
  Natasha (thrice) (D:3)
  2 adders (D:2)
  A dart slug (D:2)
  A ribbon worm (D:3)
  2 orcs (D:3)
  4 endoplasms
  6 giant cockroaches
  9 goblins
  5 hobgoblins
  3 jackals (D:3)
  6 kobolds
  3 quokkas
  5 ball pythons
  6 bats
  3 frilled lizards
  2 rats
62 creatures vanquished.

Notes
Turn   | Place    | Note
-------+----------+-------------------------------------------
     0 | D:1      | qw the Gargoyle Hunter began the quest for the Orb.
     0 | D:1      | Reached XP level 1. HP: 12/12 MP: 1/1
     0 | D:1      | 0 ||| qw: Version: 0.3-a-132-g3d54051
     0 | D:1      | 0 ||| qw: Game counter: 24
     0 | D:1      | 0 ||| qw: Melee chars always use a shield: true
     0 | D:1      | 0 ||| qw: God list: Okawaru
     0 | D:1      | 0 ||| qw: Allow faded altars: false
     0 | D:1      | 0 ||| qw: Do Orc after clearing Dungeon:15 true
     0 | D:1      | 0 ||| qw: Do second Lair branch before Depths: true
     0 | D:1      | 0 ||| qw: Lair rune preference: random
     0 | D:1      | 0 ||| qw: Goals: Normal
     0 | D:1      | 0 ||| PLANNING D:1-11
   296 | D:1      | Reached XP level 2. HP: 17/17 MP: 2/2
   720 | D:1      | Reached XP level 3. HP: 21/21 MP: 3/3
   798 | D:1      | Reached skill level 5 in Ranged Weapons
   899 | D:1      | 899 ||| DROPPING scroll of butterflies.
  1112 | D:2      | Found a shimmering blue altar of Sif Muna.
  1178 | D:2      | Reached skill level 3 in Fighting
  1178 | D:2      | 1178 ||| FLEEEEING.
  1418 | D:2      | You fall into a shaft and drop 1 floor!
  1419 | D:3      | Found a faded altar of an unknown god.
  1447 | D:3      | 1447 ||| UPGRADING to +0 pair of boots.
  1452 | D:3      | 1452 ||| FLEEEEING.
  1459 | D:3      | 1459 ||| STAIRDANCE
  1518 | D:2      | Reached XP level 4. HP: 24/28 MP: 4/4
  1711 | D:2      | Found Zoih's Magic Scroll Boutique.
  1715 | D:2      | 1715 ||| BUYING 3 scrolls of identify (72 gold).
  1715 | D:2      | Bought 3 scrolls of identify for 72 gold pieces
  1715 | D:2      | 1715 ||| BUYING scroll of identify (24 gold).
  1715 | D:2      | Bought a scroll of identify for 24 gold pieces
  1715 | D:2      | 1715 ||| SHOPLISTING scroll of teleportation (36 gold, have
                  | 7).
  2061 | D:2      | 2061 ||| READING 5 scrolls of identify.
  2061 | D:2      | 2061 ||| IDENTIFYING fuming puce potion
  2062 | D:2      | 2062 ||| READING 4 scrolls of identify.
  2062 | D:2      | 2062 ||| IDENTIFYING brown potion
  2063 | D:2      | 2063 ||| READING 3 scrolls of identify.
  2063 | D:2      | 2063 ||| IDENTIFYING viscous pink potion
  2064 | D:2      | 2064 ||| READING 2 scrolls of identify.
  2064 | D:2      | 2064 ||| IDENTIFYING fizzy golden potion
  2065 | D:2      | 2065 ||| READING scroll of identify.
  2065 | D:2      | 2065 ||| IDENTIFYING 2 smoky amethyst potions
  2066 | D:2      | 2066 ||| READING scroll labelled HEXZIS HYNEOMP.
  2066 | D:2      | 2066 ||| ENCHANTING +0 pair of boots.
  2067 | D:2      | 2067 ||| READING scroll labelled VICROUFEWK.
  2068 | D:2      | 2068 ||| DROPPING potion of ambrosia.
  2069 | D:2      | 2069 ||| DROPPING 2 potions of degeneration.
  2222 | D:3      | 2222 ||| FLEEEEING.
  2284 | D:3      | Noticed Natasha
  2294 | D:3      | 2294 ||| RETREEEEATING.
  2295 | D:3      | Killed Natasha
  2296 | D:3      | 2296 ||| FLEEEEING.
  2498 | D:3      | Noticed Natasha
  2503 | D:3      | Killed Natasha
  2504 | D:3      | Reached XP level 5. HP: 32/32 MP: 5/5
  2504 | D:3      | 2504 ||| FLEEEEING.
  2752 | D:3      | Noticed Natasha
  2755 | D:3      | Killed Natasha
  2756 | D:3      | Reached skill level 6 in Ranged Weapons
  2767 | D:3      | HP: 8/32 [orc/+0 mace (2)]
  2768 | D:3      | 2768 ||| DRINKING potion of heal wounds.
  2768 | D:3      | Noticed Grinder
  2771 | D:3      | Reached skill level 1 in Armour
  2777 | D:3      | Paralysed by Grinder for 3 turns
  2777 | D:3      | HP: 7/32 [Grinder (5)]
  2785 | D:3      | HP: 7/32 [Grinder/nerve-wracking pain (2)]
  2788 | D:3      | Slain by Grinder

Levels and vault maps discovered:
D:1:      minmay_arrival_four_loops, layout_loops_corners
D:2:      layout_basic, serial_shops, nicolae_shop_back_alley_shop, basic_altar
D:3:      layout_basic, marbit_many_paths, shapermc_ecumenical_altar_rom_forum,
          chequers_avenue, uniq_natasha, uniq_grinder

Skill      XL: |  1  2  3  4  5 |
---------------+----------------+-----
Ranged Weapons | 5 6 |  6.1
Fighting       | 3 |  3.1
Armour         | 1 |  1.5
Dodging        | |  1.5
Stealth        | |  1.1

Action                     |  1- 3 |  4- 6 || total
---------------------------+-------+-------++-------
   Fire: Shortbow          |   113 |   117 ||   230
    Use: Scroll            |       |     7 ||     7
         Potion            |       |     1 ||     1
 Armour: Leather armour    |    35 |    51 ||    86
  Dodge: Dodged            |    27 |    46 ||    73

Table legend:
 A = Non-vault XP
 B = Vault XP
 C = Vault XP percentage of total XP
 D = Non-vault monster count
 E = Vault monster count
 F = Vault count percentage of total count
                 A         B        C        D         E       F
            +---------+---------+-------+---------+---------+-------
      Total |     231 |      36 |  13.5 |      60 |       2 |   3.2
            +---------+---------+-------+---------+---------+-------
        D:1 |      41 |       0 |   0.0 |      26 |       0 |   0.0
        D:2 |      48 |       0 |   0.0 |      15 |       0 |   0.0
        D:3 |     142 |      36 |  20.2 |      19 |       2 |   9.5
            +---------+---------+-------+---------+---------+-------
